 Dungeon Crawl Stone Soup version 0.18.1-50-g88ac8fd (console) character file.

1914 Kloppie the Cleaver (level 9, -4/127 HPs)
             Began as a Hill Orc Berserker on Sept 21, 2016.
             Was a Believer of Trog.
             Succumbed to an orc warrior's poison
             ... on level 6 of the Dungeon.
             The game lasted 00:06:39 (4599 turns).

Kloppie the Cleaver (Hill Orc Berserker)            Turns: 4599, Time: 00:06:40

Health: -4/127     AC: 10    Str: 28    XL:     9   Next: 16%
Magic:  9/9        EV: 11    Int:  7    God:    Trog [**....]
Gold:   245        SH:  4    Dex: 10    Spells: 0 memorised, 8 levels left

rFire  . . .     SeeInvis .     a - +0 war axe
rCold  . . .     Gourm    .     e - +0 ring mail
rNeg   . . .     Faith    .     (no shield)
rPois  .         Spirit   .     (no helmet)
rElec  .         Dismiss  .     k - +2 cloak
rCorr  .         Reflect  +     r - +0 pair of gloves
SustAt .         Harm     .     (no boots)
MR     +....                    q - +4 amulet of reflection
Stlth  ..........               (no ring)
                                w - ring of protection from magic

@: berserking, lethally poisoned (-4 -> -82), very quick, somewhat resistant to
hostile enchantments, extremely unstealthy
A: no striking features
a: Berserk, Trog's Hand, Burn Spellbooks, Renounce Religion


You were on level 6 of the Dungeon.
You worshipped Trog.
Trog was pleased with you.
You were not hungry.

You visited 1 branch of the dungeon, and saw 6 of its levels.

You collected 245 gold pieces.

Inventory:

Hand Weapons
 a - a +0 war axe (weapon)
Armour
 e - a +0 ring mail (worn)
 k - a +2 cloak (worn)
 r - a +0 pair of gloves (worn)
Jewellery
 q - a +4 amulet of reflection (around neck)
 w - a ring of protection from magic (left hand)
Wands
 s - a wand of digging (10/24)
 x - a wand of acid (2/15)
Scrolls
 b - a scroll of amnesia {unknown}
 f - 2 scrolls of remove curse
 h - 2 scrolls of identify
 l - a scroll of enchant armour {unknown}
 o - 2 scrolls of magic mapping {unknown}
 p - a scroll of blinking {unknown}
Potions
 d - a potion of mutation
 g - 2 potions of lignification
 j - a potion of heal wounds
 m - 2 potions of brilliance
 n - a potion of ambrosia
 t - a potion of cure mutation
Comestibles
 c - 3 bread rations
 i - a beef jerky
 v - 7 fruits


   Skills:
 - Level 9.7 Fighting
 + Level 11.2 Axes
 + Level 4.3 Armour
 - Level 1.5 Dodging


You had 8 spell levels left.
You didn't know any spells.

Dungeon Overview and Level Annotations

Branches:
Dungeon (6/15)             Temple (0/1) D:5

Altars:
Cheibriados
Kikubaaqudgha
Makhleb
Ru
Trog
Xom


Message History

You feel a bit more experienced.
You slash the orc warrior!
The orc warrior is almost dead.
* * * LOW HITPOINT WARNING * * *
You feel very sick.
The orc warrior hits you with a short sword of venom!
* * * LOW HITPOINT WARNING * * *
You are more poisoned.
The orc wizard closely misses you.
You slash the orc warrior!
You kill the orc warrior!
Trog accepts your kill.
You slash the orc wizard!
You kill the orc wizard!
Trog accepts your kill.
Trog appreciates your killing of a magic user.
* * * LOW HITPOINT WARNING * * *
You feel very sick.
You are too berserk!
You are too berserk!
You die...

#....# #....# #
#.)..# #.#....#
#...<..# ####.###
#######.##
#####........##...
#....)@)........#
#...##))#.#####..#
. #..#.# ....
..[.#.# .###
..##.#.# # ...#
#...# #.. ..... #.
####.


There were no monsters in sight!

Vanquished Creatures
  Pikel (D:4)
  The ghost of Drunkenshrew the Sneak, an amateur DrWn (D:4)
  Sigmund (D:3)
  An orc warrior (D:6)
  2 slaves (D:4)
  2 phantoms (D:4)
  An ogre (D:4)
  A centaur (D:6)
  A giant frog (D:6)
  2 scorpions
  A giant frog zombie (D:5)
  3 hounds
  Crazy Yiuf (D:2)
  A centaur skeleton (D:4)
  2 orc wizards (D:6)
  3 worker ants
  A hound skeleton (D:4)
  4 gnolls (D:5)
  4 adders
  A shadow imp (D:5)
  An ooze (D:2)
  A worm (D:4)
  A dart slug (D:2)
  2 giant geckos (D:2)
  2 orcs
  5 bats
  3 giant cockroaches
  6 goblins
  9 hobgoblins
  6 jackals
  A quokka (D:2)
  4 ball pythons
  A giant gecko zombie (D:5)
  5 giant newts
  A jackal skeleton (D:4)
  6 kobolds
  5 rats
  A fungus (D:5)
94 creatures vanquished.

Vanquished Creatures (others)
  An orc priest (D:4)
  An adder (D:4)
  2 orcs (D:4)
  A giant cockroach (D:4)
5 creatures vanquished.

Grand Total: 99 creatures vanquished

Notes
Turn   | Place    | Note
--------------------------------------------------------------
     0 | D:1      | Kloppie the Hill Orc Berserker began the quest for the Orb.
     0 | D:1      | Reached XP level 1. HP: 19/19 MP: 1/1
    18 | D:1      | Found a shimmering altar of Xom.
   115 | D:1      | Reached XP level 2. HP: 21/27 MP: 2/2
   533 | D:1      | Reached ** piety under Trog
   533 | D:1      | Reached XP level 3. HP: 22/34 MP: 3/3
   744 | D:2      | Reached skill level 5 in Axes
   905 | D:2      | Reached XP level 4. HP: 40/41 MP: 4/4
  1041 | D:2      | Reached skill level 5 in Fighting
  1277 | D:2      | Noticed Crazy Yiuf
  1284 | D:2      | Killed Crazy Yiuf
  1796 | D:3      | Reached XP level 5. HP: 43/48 MP: 5/5
  1909 | D:3      | Noticed Sigmund
  1921 | D:3      | Killed Sigmund
  1921 | D:3      | Reached skill level 6 in Axes
  1921 | D:3      | Reached XP level 6. HP: 58/58 MP: 6/6
  2679 | D:4      | Found a bloodstained altar of Trog.
  2717 | D:4      | Reached skill level 7 in Axes
  2766 | D:4      | Noticed a phantom
  2769 | D:4      | Noticed a slave
  2773 | D:4      | Noticed Pikel
  2774 | D:4      | Noticed a slave
  2777 | D:4      | Noticed a slave
  2786 | D:4      | Noticed a slave
  2803 | D:4      | Killed a slave
  2803 | D:4      | Killed a slave
  2806 | D:4      | Killed Pikel
  2806 | D:4      | Reached skill level 8 in Axes
  2806 | D:4      | Reached XP level 7. HP: 44/68 MP: 7/7
  2990 | D:4      | Reached skill level 9 in Axes
  2990 | D:4      | Reached XP level 8. HP: 52/75 MP: 8/8
  3041 | D:4      | Noticed Drunkenshrew's ghost (amateur DrWn)
  3059 | D:4      | Killed Drunkenshrew's ghost
  3180 | D:4      | Found an ancient bone altar of Kikubaaqudgha.
  3208 | D:4      | Reached skill level 10 in Axes
  3634 | D:5      | Entered Level 5 of the Dungeon
  3634 | D:5      | Found a snail-covered altar of Cheibriados.
  3655 | D:5      | Found a staircase to the Ecumenical Temple.
  3793 | D:5      | Found a sacrificial altar of Ru.
  4235 | D:5      | Found a burning altar of Makhleb.
  4567 | D:6      | Reached XP level 9. HP: 75/85 MP: 9/9
  4593 | D:6      | Reached skill level 11 in Axes
  4597 | D:6      | HP: 6/127 [orc warrior/short sword of venom (11)]
  4598 | D:6      | HP: 1/127 [poisoned by an orc warrior]
  4599 | D:6      | Succumbed to an orc warrior's poison

Skill      XL: |  1  2  3  4  5  6  7  8  9 |
---------------+----------------------------+-----
Fighting       | 4 5 6 8 9 |  9.7
Axes           | 5 6 8 9 10 11 | 11.2
Armour         | 3 4 |  4.3
Dodging        | |  1.5

Action                   |  1- 3 |  4- 6 |  7- 9 || total
-------------------------+-------+-------+-------++-------
Melee: Hand axe          |   126 |   119 |   136 ||   381
       War axe           |       |       |    57 ||    57
Invok: Berserk           |       |     3 |     2 ||     5
       Trog's Hand       |       |     2 |       ||     2
  Use: Scroll            |       |       |     7 ||     7
       Potion            |       |       |     2 ||     2
  Eat: Chunk             |       |     8 |     3 ||    11
       Bread ration      |       |       |     1 ||     1
       Beef jerky        |       |       |     1 ||     1
Armor: Ring mail         |    54 |    41 |    61 ||   156
       Animal skin       |     1 |       |       ||     1
Dodge: Dodged            |    93 |    84 |    81 ||   258
Block: Other             |       |       |    16 ||    16
